[ AOE2 MATCH · #484453068 ]
UnrankedSicilians vs Britons
[ REPLAY ANALYSIS · EXTRACTED FROM THE RECORDED GAME ]
Feudal
12:07
Castle
31:07
Imperial
44:49
| APM avg | 27.1 |
| APM peak | 62 |
| eAPM avg | 14.4 |
| Villagers / military | 136 / 162 |
Focus
⚔️ 47.3% · 🌾 52.7%
Serjeant ×161 · Trade Cart ×16 · Trebuchet (Packed) ×1
Feudal
—
Castle
—
Imperial
—
| APM avg | 9.1 |
| APM peak | 50 |
| eAPM avg | 6.0 |
| Villagers / military | 55 / 5 |
Focus
⚔️ 18.8% · 🌾 81.2%
Spearman ×3 · Militia ×2
Feudal
12:57
Castle
22:52
Imperial
40:04
| APM avg | 27.5 |
| APM peak | 105 |
| eAPM avg | 13.9 |
| Villagers / military | 83 / 92 |
Focus
⚔️ 37.3% · 🌾 62.7%
Unknown (2550) ×95 · Kamayuk ×75 · Mangonel ×10 · Petard ×5 · Trebuchet (Packed) ×2
Feudal
13:52
Castle
28:25
Imperial
42:40
| APM avg | 12.7 |
| APM peak | 36 |
| eAPM avg | 9.4 |
| Villagers / military | 79 / 198 |
Focus
⚔️ 50.8% · 🌾 49.2%
Skirmisher ×100 · Scorpion ×40 · Battle Elephant ×26 · Spearman ×19 · Militia ×8 · Trade Cart ×6
Feudal
13:24
Castle
19:22
Imperial
45:22
| APM avg | 18.0 |
| APM peak | 56 |
| eAPM avg | 9.1 |
| Villagers / military | 99 / 377 |
Focus
⚔️ 36.1% · 🌾 63.9%
Mangudai ×179 · Scout Cavalry ×169 · Cavalry Archer ×15 · Steppe Lancer ×12 · Trade Cart ×4 · Trebuchet (Packed) ×2
Feudal
14:22
Castle
22:12
Imperial
42:21
| APM avg | 15.9 |
| APM peak | 76 |
| eAPM avg | 10.0 |
| Villagers / military | 69 / 187 |
Focus
⚔️ 35.1% · 🌾 64.9%
Throwing Axeman ×161 · Knight ×24 · Trade Cart ×3 · Trebuchet (Packed) ×2
Match map
Initial resources + every placement click. Lines = walls · curves = elevation contours. ◆ gold · ⬟ stone · ● berries · ✦ relic · ◌ wall gap
Your base· Open — unwalled flank
Aleko Bart's base· ✓ Closed at 12:00 · 10t walls · 1 gate(s)
Balaam's base· Open — unwalled flank
MilyWonka's base· ✓ Closed at 28:25 · 27t walls · 1 gate(s)
JumpingJuneBug's base· ✓ Closed at 19:22 · 42t walls · 1 gate(s)
DingleDwarf69's base· Open — unwalled flank
Smoothed initial terrain · ◌ = detected wall gap · hover for details
Inputs per minute
— WarSong - - Aleko Bart
Build order — WarSong
First 150 of 430 actions detected
| 0:02 | Create | Villager (Male) |
| 0:04 | Build | House |
| 0:06 | Build | House |
| 0:09 | Create | Villager (Male) |
| 0:09 | Create | Villager (Male) |
| 0:10 | Create | Villager (Male) |
| 0:10 | Create | Villager (Male) |
| 1:21 | Build | Palisade Wall |
| 1:32 | Create | Villager (Male) |
| 2:37 | Create | Villager (Male) |
| 2:37 | Create | Villager (Male) |
| 3:45 | Build | Lumber Camp |
| 3:50 | Create | Villager (Male) |
| 3:51 | Create | Villager (Male) |
| 3:51 | Create | Villager (Male) |
| 3:51 | Create | Villager (Male) |
| 4:22 | Create | Villager (Male) |
| 5:44 | Create | Villager (Male) |
| 5:44 | Create | Villager (Male) |
| 6:14 | Build | House |
| 6:54 | Create | Villager (Male) |
| 7:10 | Create | Villager (Male) |
| 7:10 | Create | Villager (Male) |
| 7:10 | Create | Villager (Male) |
| 7:11 | Create | Villager (Male) |
| 7:23 | Build | House |
| 7:53 | Create | Villager (Male) |
| 8:07 | Create | Villager (Male) |
| 8:34 | Build | Mill |
| 9:57 | Research | Feudal Age |
| 10:09 | Build | Farm |
| 10:09 | Build | Farm |
| 10:10 | Build | Farm |
| 10:16 | Build | Farm |
| 10:40 | Build | Farm |
| 10:41 | Build | Farm |
| 10:59 | Create | Villager (Male) |
| 11:00 | Create | Villager (Male) |
| 11:20 | Build | Mining Camp |
| 12:07 | Age | Feudal Age |
| 12:17 | Create | Villager (Male) |
| 12:22 | Research | Double-Bit Axe |
| 12:25 | Research | Horse Collar |
| 12:39 | Build | Farm |
| 12:40 | Build | Farm |
| 12:44 | Create | Villager (Male) |
| 13:30 | Build | House |
| 13:31 | Build | House |
| 13:44 | Research | Gold Mining |
| 14:25 | Build | Blacksmith |
| 15:06 | Build | Farm |
| 15:07 | Build | Farm |
| 15:08 | Build | Farm |
| 16:05 | Build | Donjon |
| 16:13 | Create | Villager (Male) |
| 16:13 | Create | Villager (Male) |
| 16:13 | Create | Villager (Male) |
| 16:13 | Create | Villager (Male) |
| 16:14 | Create | Villager (Male) |
| 16:14 | Create | Villager (Male) |
| 16:14 | Create | Villager (Male) |
| 16:27 | Build | Market |
| 16:36 | Research | Scale Mail Armor |
| 16:37 | Research | Forging |
| 17:03 | Create | Serjeant |
| 17:03 | Create | Serjeant |
| 17:04 | Create | Serjeant |
| 17:04 | Create | Serjeant |
| 17:04 | Create | Serjeant |
| 17:05 | Create | Serjeant |
| 17:05 | Create | Serjeant |
| 17:05 | Create | Serjeant |
| 17:05 | Create | Serjeant |
| 17:06 | Create | Serjeant |
| 18:05 | Create | Villager (Male) |
| 18:06 | Create | Villager (Male) |
| 18:06 | Create | Villager (Male) |
| 18:06 | Create | Villager (Male) |
| 18:15 | Build | House |
| 18:15 | Build | House |
| 18:15 | Build | House |
| 18:16 | Build | House |
| 18:36 | Build | Mining Camp |
| 19:00 | Build | Barracks |
| 19:09 | Build | Barracks |
| 20:02 | Research | Arson |
| 20:20 | Create | Serjeant |
| 20:20 | Create | Serjeant |
| 20:20 | Create | Serjeant |
| 20:21 | Create | Serjeant |
| 20:21 | Create | Serjeant |
| 20:21 | Create | Serjeant |
| 20:21 | Create | Serjeant |
| 20:22 | Create | Serjeant |
| 20:22 | Create | Serjeant |
| 20:22 | Create | Serjeant |
| 20:28 | Build | Farm |
| 20:29 | Build | Farm |
| 20:32 | Create | Villager (Male) |
| 20:33 | Create | Villager (Male) |
| 20:33 | Create | Villager (Male) |
| 22:06 | Build | House |
| 22:07 | Build | House |
| 22:07 | Build | House |
| 22:07 | Build | House |
| 22:07 | Build | House |
| 22:07 | Build | House |
| 22:08 | Build | House |
| 22:08 | Build | House |
| 22:14 | Research | Stone Mining |
| 22:38 | Build | Donjon |
| 23:39 | Create | Serjeant |
| 23:39 | Create | Serjeant |
| 23:39 | Create | Serjeant |
| 23:39 | Create | Serjeant |
| 23:40 | Create | Serjeant |
| 23:40 | Create | Serjeant |
| 23:40 | Create | Serjeant |
| 23:41 | Create | Serjeant |
| 23:52 | Build | Farm |
| 23:52 | Build | Farm |
| 23:53 | Build | Farm |
| 24:22 | Create | Serjeant |
| 24:22 | Create | Serjeant |
| 24:22 | Create | Serjeant |
| 24:22 | Create | Serjeant |
| 24:22 | Create | Serjeant |
| 24:23 | Create | Serjeant |
| 24:23 | Create | Serjeant |
| 24:23 | Create | Serjeant |
| 25:19 | Build | Farm |
| 26:54 | Create | Serjeant |
| 26:54 | Create | Serjeant |
| 26:55 | Create | Serjeant |
| 26:55 | Create | Serjeant |
| 26:55 | Create | Serjeant |
| 26:55 | Create | Serjeant |
| 26:55 | Create | Serjeant |
| 26:56 | Create | Serjeant |
| 26:56 | Create | Serjeant |
| 26:56 | Create | Serjeant |
| 27:11 | Create | Villager (Male) |
| 27:11 | Create | Villager (Male) |
| 27:11 | Create | Villager (Male) |
| 27:12 | Create | Villager (Male) |
| 27:12 | Create | Villager (Male) |
| 27:12 | Create | Villager (Male) |
| 28:24 | Create | Villager (Male) |
| 28:26 | Research | Castle Age |
| 29:31 | Create | Serjeant |
Build order — Aleko Bart
78 actions detected in the replay
| 0:04 | Create | Villager (Male) |
| 0:04 | Create | Villager (Male) |
| 0:05 | Build | House |
| 0:10 | Build | House |
| 0:11 | Create | Villager (Male) |
| 0:11 | Create | Villager (Male) |
| 0:11 | Create | Villager (Male) |
| 0:43 | Research | Loom |
| 0:48 | Create | Villager (Male) |
| 0:48 | Create | Villager (Male) |
| 0:48 | Create | Villager (Male) |
| 1:19 | Build | Palisade Wall |
| 1:31 | Create | Villager (Male) |
| 1:32 | Create | Villager (Male) |
| 1:55 | Build | Palisade Gate |
| 2:24 | Create | Villager (Male) |
| 2:24 | Create | Villager (Male) |
| 2:42 | Create | Villager (Male) |
| 3:33 | Build | Lumber Camp |
| 3:45 | Create | Villager (Male) |
| 3:45 | Create | Villager (Male) |
| 3:46 | Create | Villager (Male) |
| 3:46 | Create | Villager (Male) |
| 4:07 | Create | Villager (Male) |
| 5:23 | Build | Mill |
| 5:58 | Create | Villager (Male) |
| 5:58 | Create | Villager (Male) |
| 6:19 | Build | House |
| 6:33 | Build | House |
| 7:01 | Create | Villager (Male) |
| 7:01 | Create | Villager (Male) |
| 7:23 | Create | Villager (Male) |
| 7:23 | Create | Villager (Male) |
| 7:23 | Create | Villager (Male) |
| 7:50 | Build | House |
| 8:03 | Create | Villager (Male) |
| 8:03 | Create | Villager (Male) |
| 8:15 | Build | Mining Camp |
| 8:21 | Create | Villager (Male) |
| 8:38 | Create | Villager (Male) |
| 8:38 | Create | Villager (Male) |
| 9:06 | Build | Mill |
| 9:36 | Build | Mill |
| 10:05 | Build | Mining Camp |
| 10:09 | Create | Villager (Male) ×2 |
| 10:55 | Create | Villager (Male) |
| 11:13 | Build | Lumber Camp |
| 11:32 | Build | Farm |
| 11:38 | Create | Villager (Male) |
| 11:55 | Create | Villager (Male) |
| 12:08 | Build | Mining Camp |
| 12:15 | Create | Villager (Male) |
| 12:15 | Create | Villager (Male) |
| 12:15 | Create | Villager (Male) |
| 12:29 | Build | House |
| 13:11 | Build | House |
| 14:04 | Research | Feudal Age |
| 14:28 | Build | Barracks |
| 15:10 | Create | Militia |
| 15:11 | Create | Militia |
| 15:59 | Build | Palisade Wall |
| 16:19 | Create | Spearman |
| 16:19 | Create | Spearman |
| 16:26 | Create | Spearman |
| 17:31 | Create | Villager (Male) ×5 |
| 17:32 | Create | Villager (Male) ×5 |
| 21:03 | Create | Villager (Male) |
| 21:03 | Create | Villager (Male) |
| 21:03 | Create | Villager (Male) |
| 21:37 | Create | Villager (Male) |
| 21:37 | Create | Villager (Male) |
| 21:38 | Create | Villager (Male) |
| 22:09 | Build | Watch Tower |
| 22:41 | Build | Watch Tower |
| 23:37 | Build | Watch Tower |
| 23:40 | Create | Villager (Male) |
| 26:19 | Build | House |
| 27:12 | Build | Watch Tower |
Build order — Balaam
First 150 of 246 actions detected
| 0:10 | Build | House |
| 0:14 | Build | House |
| 0:19 | Create | Villager (Male) |
| 0:19 | Create | Villager (Male) |
| 0:19 | Create | Villager (Male) |
| 0:20 | Create | Villager (Male) |
| 0:20 | Create | Villager (Male) |
| 0:27 | Build | House |
| 1:41 | Create | Villager (Male) |
| 1:42 | Create | Villager (Male) |
| 2:11 | Build | Settlement |
| 2:16 | Create | Villager (Male) |
| 2:35 | Create | Villager (Male) |
| 2:52 | Create | Villager (Male) |
| 3:29 | Create | Villager (Male) |
| 3:47 | Create | Villager (Male) |
| 4:19 | Create | Villager (Male) |
| 4:55 | Build | Settlement |
| 5:15 | Create | Villager (Male) |
| 5:15 | Create | Villager (Male) |
| 5:17 | Create | Villager (Male) |
| 5:17 | Create | Villager (Male) |
| 5:51 | Create | Villager (Male) |
| 5:51 | Create | Villager (Male) |
| 5:51 | Create | Villager (Male) |
| 6:13 | Build | Settlement |
| 6:21 | Create | Villager (Male) |
| 6:21 | Create | Villager (Male) |
| 6:21 | Create | Villager (Male) |
| 7:26 | Create | Villager (Male) |
| 7:52 | Build | Barracks |
| 7:57 | Create | Villager (Male) |
| 7:58 | Create | Villager (Male) |
| 8:44 | Create | Villager (Male) |
| 8:53 | Create | Unit 2550 |
| 8:53 | Create | Unit 2550 |
| 9:26 | Create | Villager (Male) |
| 9:35 | Create | Unit 2550 |
| 10:01 | Build | Farm |
| 10:01 | Build | Farm |
| 10:47 | Research | Feudal Age |
| 11:07 | Build | Farm |
| 11:15 | Build | Farm |
| 11:16 | Build | Farm |
| 11:17 | Build | Farm |
| 11:24 | Build | Farm |
| 11:25 | Build | Farm |
| 11:32 | Build | Farm |
| 11:38 | Create | Unit 2550 |
| 12:24 | Create | Unit 2550 |
| 12:28 | Create | Unit 2550 |
| 12:57 | Age | Feudal Age |
| 13:04 | Build | Blacksmith |
| 13:11 | Research | Tech 1402 |
| 13:12 | Research | Arson |
| 13:28 | Build | Market |
| 13:56 | Research | Forging |
| 13:57 | Research | Scale Mail Armor |
| 14:20 | Create | Unit 2550 |
| 14:21 | Create | Unit 2550 |
| 14:23 | Create | Unit 2550 |
| 14:27 | Create | Unit 2550 |
| 14:59 | Create | Unit 2550 |
| 15:05 | Create | Unit 2550 |
| 15:10 | Create | Villager (Male) |
| 15:10 | Create | Villager (Male) |
| 15:15 | Build | Farm |
| 15:16 | Build | Farm |
| 15:16 | Build | Farm |
| 17:49 | Create | Unit 2550 |
| 17:50 | Create | Unit 2550 |
| 17:50 | Create | Unit 2550 |
| 17:50 | Create | Unit 2550 |
| 18:15 | Create | Villager (Male) |
| 18:15 | Create | Villager (Male) |
| 18:15 | Create | Villager (Male) |
| 18:19 | Build | Farm |
| 18:19 | Build | Farm |
| 18:22 | Create | Villager (Male) |
| 20:12 | Research | Castle Age |
| 20:16 | Build | Farm |
| 20:17 | Build | Farm |
| 20:17 | Build | Farm |
| 20:21 | Build | Farm |
| 20:22 | Build | Farm |
| 20:22 | Build | Farm |
| 20:37 | Research | Double-Bit Axe |
| 20:51 | Create | Unit 2550 |
| 20:51 | Create | Unit 2550 |
| 20:53 | Create | Unit 2550 |
| 20:54 | Create | Unit 2550 |
| 21:04 | Build | Farm |
| 22:52 | Age | Castle Age |
| 22:53 | Build | Farm |
| 22:58 | Research | Tech 1351 |
| 22:59 | Research | Squires |
| 23:02 | Research | Iron Casting |
| 23:03 | Research | Chain Mail Armor |
| 23:14 | Create | Villager (Male) |
| 23:14 | Create | Villager (Male) |
| 23:15 | Create | Villager (Male) |
| 24:14 | Build | Barracks |
| 25:40 | Create | Unit 2550 ×5 |
| 25:51 | Build | Town Center |
| 25:55 | Create | Villager (Male) |
| 25:55 | Create | Villager (Male) |
| 25:55 | Create | Villager (Male) |
| 25:57 | Create | Villager (Male) |
| 27:36 | Create | Villager (Male) |
| 27:36 | Create | Villager (Male) |
| 27:36 | Create | Villager (Male) |
| 27:36 | Create | Villager (Male) |
| 27:37 | Create | Villager (Male) |
| 27:40 | Create | Villager (Male) |
| 27:40 | Create | Villager (Male) |
| 27:40 | Create | Villager (Male) |
| 27:53 | Build | Town Center |
| 28:02 | Research | Stone Mining |
| 28:58 | Create | Unit 2550 ×5 |
| 28:59 | Create | Unit 2550 ×5 |
| 29:04 | Build | Farm |
| 29:14 | Create | Villager (Male) |
| 30:34 | Research | Wheelbarrow |
| 30:44 | Create | Villager (Male) |
| 30:45 | Create | Villager (Male) |
| 30:45 | Create | Villager (Male) |
| 30:52 | Research | Bow Saw |
| 32:36 | Create | Villager (Male) |
| 32:37 | Create | Villager (Male) |
| 32:37 | Create | Villager (Male) |
| 32:37 | Create | Villager (Male) |
| 32:41 | Research | Hand Cart |
| 32:48 | Build | Farm |
| 32:53 | Build | Farm |
| 33:00 | Build | Castle |
| 33:09 | Create | Villager (Male) |
| 33:10 | Create | Villager (Male) |
| 33:11 | Create | Villager (Male) |
| 33:17 | Create | Villager (Male) |
| 33:23 | Create | Villager (Male) |
| 33:24 | Create | Villager (Male) |
| 33:24 | Create | Villager (Male) |
| 33:24 | Create | Villager (Male) |
| 33:26 | Create | Villager (Male) |
| 33:52 | Create | Villager (Male) |
| 33:57 | Build | Farm |
| 34:08 | Build | University |
| 34:14 | Build | Settlement |
| 34:16 | Research | Gold Mining |
| 34:21 | Research | Stone Shaft Mining |
Build order — MilyWonka
First 150 of 459 actions detected
| 0:13 | Build | House |
| 0:14 | Build | House |
| 0:20 | Research | Loom |
| 0:22 | Create | Villager (Male) |
| 0:22 | Create | Villager (Male) |
| 0:23 | Create | Villager (Male) |
| 0:23 | Create | Villager (Male) |
| 0:24 | Create | Villager (Male) |
| 0:24 | Research | Loom |
| 2:38 | Create | Villager (Male) |
| 2:39 | Create | Villager (Male) |
| 3:08 | Create | Villager (Male) |
| 3:33 | Create | Villager (Male) |
| 4:31 | Create | Villager (Male) |
| 4:31 | Create | Villager (Male) |
| 4:55 | Create | Villager (Male) |
| 5:05 | Build | House |
| 5:27 | Create | Villager (Male) |
| 5:27 | Create | Villager (Male) |
| 5:41 | Build | House |
| 5:54 | Create | Villager (Male) |
| 6:11 | Build | Mill |
| 6:34 | Create | Villager (Male) |
| 6:34 | Create | Villager (Male) |
| 6:43 | Build | Lumber Camp |
| 8:35 | Create | Villager (Male) |
| 8:35 | Create | Villager (Male) |
| 8:36 | Create | Villager (Male) |
| 8:37 | Create | Villager (Male) |
| 9:34 | Build | House |
| 10:05 | Build | Mill |
| 10:47 | Create | Villager (Male) |
| 10:47 | Create | Villager (Male) |
| 11:42 | Research | Feudal Age |
| 12:17 | Build | Mining Camp |
| 13:09 | Build | Barracks |
| 13:52 | Age | Feudal Age |
| 13:53 | Research | Double-Bit Axe |
| 13:54 | Research | Horse Collar |
| 13:58 | Create | Villager (Male) |
| 13:58 | Create | Villager (Male) |
| 14:04 | Research | Gold Mining |
| 14:04 | Research | Stone Mining |
| 14:52 | Build | Mining Camp |
| 14:54 | Create | Villager (Male) |
| 14:55 | Create | Villager (Male) |
| 14:55 | Create | Villager (Male) |
| 15:02 | Build | Archery Range |
| 15:27 | Build | House |
| 15:28 | Build | House |
| 15:30 | Build | House |
| 15:31 | Build | House |
| 15:43 | Create | Militia |
| 15:43 | Create | Militia |
| 16:04 | Create | Skirmisher |
| 16:04 | Create | Skirmisher |
| 16:05 | Create | Skirmisher |
| 16:05 | Create | Skirmisher |
| 16:18 | Build | Farm |
| 16:20 | Build | Farm |
| 16:21 | Build | Farm |
| 16:22 | Build | Farm |
| 16:24 | Build | Farm |
| 16:25 | Build | Farm |
| 16:26 | Build | Farm |
| 16:27 | Build | Farm |
| 16:28 | Build | Farm |
| 16:30 | Build | Farm |
| 16:31 | Build | Farm |
| 16:55 | Build | Watch Tower |
| 17:37 | Create | Militia |
| 17:37 | Create | Militia |
| 17:38 | Create | Militia |
| 18:08 | Build | Farm |
| 18:09 | Build | Farm |
| 18:11 | Build | Farm |
| 18:12 | Build | Farm |
| 18:20 | Create | Villager (Male) |
| 18:21 | Create | Villager (Male) |
| 18:36 | Research | Man-at-Arms (upgrade) |
| 18:50 | Build | Blacksmith |
| 19:40 | Create | Militia |
| 19:40 | Create | Militia |
| 19:40 | Create | Militia |
| 19:48 | Research | Padded Archer Armor |
| 19:57 | Create | Villager (Male) |
| 20:42 | Build | Archery Range |
| 20:46 | Research | Forging |
| 20:54 | Create | Villager (Male) |
| 20:57 | Create | Villager (Male) |
| 21:50 | Build | Stone Wall |
| 22:03 | Build | Gate |
| 22:06 | Create | Villager (Male) |
| 22:06 | Create | Villager (Male) |
| 22:06 | Create | Villager (Male) |
| 22:06 | Create | Villager (Male) |
| 22:42 | Build | Stone Wall |
| 22:46 | Create | Villager (Male) |
| 22:46 | Create | Villager (Male) |
| 24:13 | Build | Farm |
| 25:43 | Build | Stable |
| 25:45 | Research | Castle Age |
| 26:41 | Build | Barracks |
| 27:30 | Create | Skirmisher |
| 27:31 | Create | Skirmisher |
| 27:31 | Create | Skirmisher |
| 27:31 | Create | Skirmisher |
| 27:31 | Create | Skirmisher |
| 27:32 | Create | Skirmisher |
| 27:32 | Create | Skirmisher |
| 27:32 | Create | Skirmisher |
| 27:32 | Create | Skirmisher |
| 27:33 | Create | Skirmisher |
| 27:33 | Create | Skirmisher |
| 27:33 | Create | Skirmisher |
| 27:47 | Build | Market |
| 28:25 | Age | Castle Age |
| 28:36 | Create | Spearman |
| 28:36 | Create | Spearman |
| 28:36 | Create | Spearman |
| 28:36 | Create | Spearman |
| 28:36 | Create | Spearman |
| 28:37 | Create | Spearman |
| 28:37 | Create | Spearman |
| 28:38 | Create | Spearman |
| 28:52 | Research | Fletching |
| 28:55 | Research | Scale Mail Armor |
| 28:56 | Research | Scale Barding Armor |
| 29:06 | Build | Town Center |
| 29:12 | Create | Villager (Male) |
| 29:12 | Create | Villager (Male) |
| 29:12 | Create | Villager (Male) |
| 29:13 | Create | Villager (Male) |
| 29:35 | Build | Castle |
| 29:44 | Build | House |
| 30:07 | Create | Villager (Male) |
| 30:07 | Create | Villager (Male) |
| 30:07 | Create | Villager (Male) |
| 30:08 | Create | Villager (Male) |
| 30:08 | Create | Villager (Male) |
| 30:47 | Build | Farm |
| 31:04 | Build | House |
| 31:56 | Build | Farm |
| 31:57 | Build | Farm |
| 32:02 | Build | House |
| 32:03 | Build | House |
| 32:04 | Build | House |
| 32:05 | Build | House |
| 32:12 | Research | Pikeman (upgrade) |
| 32:13 | Research | Squires |
Build order — JumpingJuneBug
First 150 of 353 actions detected
| 0:07 | Build | House |
| 0:08 | Create | Villager (Male) ×4 |
| 0:20 | Build | Palisade Wall |
| 0:45 | Build | Palisade Wall |
| 1:17 | Research | Loom |
| 2:33 | Build | Palisade Wall |
| 2:36 | Create | Villager (Male) |
| 3:08 | Build | House |
| 3:09 | Build | House |
| 3:11 | Build | House |
| 3:12 | Build | House |
| 3:35 | Create | Villager (Male) |
| 4:19 | Create | Villager (Male) |
| 4:41 | Build | House |
| 4:53 | Create | Villager (Male) |
| 5:21 | Create | Villager (Male) |
| 5:21 | Create | Villager (Male) |
| 5:42 | Create | Villager (Male) |
| 5:53 | Create | Villager (Male) |
| 6:25 | Create | Villager (Male) |
| 7:04 | Create | Villager (Male) |
| 7:23 | Create | Villager (Male) |
| 7:47 | Build | Lumber Camp |
| 7:54 | Create | Villager (Male) |
| 7:56 | Create | Villager (Male) |
| 7:56 | Create | Villager (Male) |
| 8:12 | Create | Villager (Male) |
| 8:41 | Create | Villager (Male) |
| 9:08 | Create | Villager (Male) |
| 9:20 | Build | Mill |
| 9:22 | Create | Villager (Male) |
| 9:45 | Create | Villager (Male) |
| 10:13 | Build | Mill |
| 10:56 | Build | Mining Camp |
| 11:14 | Research | Feudal Age |
| 11:14 | Research | Feudal Age |
| 12:04 | Create | Villager (Male) |
| 12:45 | Create | Villager (Male) |
| 13:24 | Age | Feudal Age |
| 13:30 | Create | Villager (Male) |
| 13:40 | Build | Blacksmith |
| 13:53 | Build | Market |
| 14:36 | Build | Lumber Camp |
| 14:41 | Build | Farm |
| 14:41 | Build | Farm |
| 14:42 | Build | Farm |
| 14:42 | Build | Farm |
| 14:48 | Build | Farm |
| 15:05 | Build | Farm |
| 15:06 | Build | Farm |
| 15:06 | Build | Farm |
| 15:06 | Build | Farm |
| 15:12 | Build | Farm |
| 15:27 | Create | Villager (Male) |
| 15:35 | Create | Villager (Male) |
| 16:13 | Create | Villager (Male) |
| 16:17 | Build | Mining Camp |
| 16:22 | Research | Castle Age |
| 17:32 | Create | Villager (Male) ×4 |
| 19:11 | Build | Stone Wall |
| 19:15 | Build | Gate |
| 19:22 | Age | Castle Age |
| 19:26 | Create | Villager (Male) |
| 19:53 | Build | Farm |
| 20:14 | Build | Castle |
| 20:28 | Build | Barracks |
| 20:32 | Create | Villager (Male) |
| 20:32 | Create | Villager (Male) |
| 20:38 | Build | House |
| 20:44 | Build | House |
| 20:45 | Build | House |
| 20:46 | Build | House |
| 20:49 | Build | House |
| 20:55 | Research | Double-Bit Axe |
| 21:35 | Build | Archery Range |
| 21:39 | Create | Mangudai ×5 |
| 21:56 | Create | Villager (Male) |
| 21:56 | Create | Villager (Male) |
| 21:59 | Build | Farm |
| 21:59 | Build | Farm |
| 21:59 | Build | Farm |
| 22:00 | Build | Farm |
| 22:39 | Create | Villager (Male) |
| 22:44 | Build | Farm |
| 22:47 | Build | Farm |
| 22:52 | Build | Farm |
| 23:02 | Create | Mangudai |
| 23:08 | Build | Stone Wall |
| 23:25 | Build | Stone Wall |
| 23:32 | Create | Cavalry Archer |
| 23:32 | Create | Cavalry Archer |
| 23:32 | Create | Cavalry Archer |
| 23:50 | Build | Farm |
| 24:05 | Create | Villager (Male) ×5 |
| 24:37 | Create | Villager (Male) |
| 24:38 | Create | Villager (Male) |
| 24:43 | Build | Farm |
| 24:46 | Research | Fletching |
| 24:48 | Build | Farm |
| 25:53 | Build | Town Center |
| 26:01 | Create | Mangudai |
| 26:01 | Create | Mangudai |
| 26:40 | Research | Forging |
| 26:41 | Research | Scale Barding Armor |
| 26:45 | Create | Mangudai |
| 26:45 | Create | Mangudai |
| 26:49 | Create | Cavalry Archer |
| 26:49 | Create | Cavalry Archer |
| 27:05 | Research | Bodkin Arrow |
| 27:08 | Create | Villager (Male) |
| 27:08 | Create | Villager (Male) |
| 27:14 | Build | Stone Wall |
| 27:20 | Create | Villager (Male) |
| 28:04 | Research | Wheelbarrow |
| 28:08 | Research | Bow Saw |
| 28:11 | Create | Villager (Male) |
| 28:11 | Create | Villager (Male) |
| 29:17 | Create | Trade Cart |
| 29:17 | Create | Trade Cart |
| 29:20 | Research | Thumb Ring |
| 29:25 | Create | Mangudai |
| 29:26 | Create | Mangudai |
| 29:26 | Create | Mangudai |
| 29:43 | Create | Villager (Male) |
| 29:44 | Create | Villager (Male) |
| 29:52 | Build | Castle |
| 30:09 | Create | Villager (Male) |
| 30:09 | Create | Villager (Male) |
| 30:17 | Create | Villager (Male) |
| 30:17 | Create | Villager (Male) |
| 30:17 | Create | Villager (Male) |
| 30:52 | Create | Mangudai ×5 |
| 31:05 | Create | Villager (Male) |
| 31:05 | Create | Villager (Male) |
| 31:21 | Create | Cavalry Archer |
| 31:21 | Create | Cavalry Archer |
| 31:39 | Build | University |
| 31:47 | Create | Cavalry Archer |
| 32:27 | Create | Cavalry Archer |
| 32:37 | Build | Farm |
| 32:41 | Create | Villager (Male) |
| 32:42 | Create | Villager (Male) |
| 32:42 | Create | Villager (Male) |
| 32:53 | Research | Horse Collar |
| 32:55 | Create | Villager (Male) |
| 32:55 | Create | Villager (Male) |
| 33:03 | Build | Mining Camp |
| 33:07 | Research | Murder Holes |
| 33:12 | Create | Mangudai |
| 33:12 | Create | Mangudai |
Build order — DingleDwarf69
First 150 of 264 actions detected
| 0:07 | Build | House |
| 0:09 | Build | House |
| 0:18 | Create | Villager (Male) |
| 0:18 | Create | Villager (Male) |
| 0:18 | Create | Villager (Male) |
| 0:18 | Create | Villager (Male) |
| 0:19 | Create | Villager (Male) |
| 1:56 | Create | Villager (Male) |
| 2:27 | Build | Palisade Wall |
| 2:57 | Create | Villager (Male) |
| 2:58 | Create | Villager (Male) |
| 4:03 | Create | Villager (Male) |
| 4:03 | Create | Villager (Male) |
| 4:12 | Build | Mill |
| 4:41 | Create | Villager (Male) |
| 4:41 | Create | Villager (Male) |
| 5:25 | Create | Villager (Male) |
| 5:25 | Create | Villager (Male) |
| 5:32 | Research | Loom |
| 5:34 | Create | Villager (Male) |
| 5:35 | Create | Villager (Male) |
| 5:49 | Build | House |
| 5:55 | Build | House |
| 6:50 | Build | House |
| 6:54 | Build | House |
| 7:02 | Create | Villager (Male) |
| 7:02 | Create | Villager (Male) |
| 7:37 | Create | Villager (Male) |
| 8:16 | Create | Villager (Male) |
| 8:58 | Create | Villager (Male) |
| 9:50 | Create | Villager (Male) |
| 9:57 | Create | Villager (Male) |
| 10:27 | Create | Villager (Male) |
| 11:32 | Build | Lumber Camp |
| 11:38 | Create | Villager (Male) |
| 12:12 | Research | Feudal Age |
| 12:32 | Build | Mining Camp |
| 13:00 | Create | Villager (Male) |
| 13:00 | Create | Villager (Male) |
| 13:59 | Build | Farm |
| 14:01 | Build | Farm |
| 14:02 | Build | Farm |
| 14:13 | Build | Farm |
| 14:14 | Build | Farm |
| 14:22 | Age | Feudal Age |
| 14:38 | Build | Farm |
| 14:40 | Build | Farm |
| 14:50 | Research | Double-Bit Axe |
| 14:54 | Create | Villager (Male) |
| 14:55 | Create | Villager (Male) |
| 15:04 | Build | Barracks |
| 15:13 | Build | Farm |
| 15:15 | Build | Farm |
| 15:20 | Build | Farm |
| 15:22 | Build | Farm |
| 16:00 | Build | Farm |
| 16:08 | Create | Villager (Male) |
| 16:09 | Create | Villager (Male) |
| 16:20 | Research | Wheelbarrow |
| 16:21 | Create | Villager (Male) |
| 16:21 | Create | Villager (Male) |
| 16:27 | Build | House |
| 16:28 | Build | House |
| 16:29 | Build | House |
| 16:31 | Build | House |
| 16:32 | Build | House |
| 17:15 | Build | Farm |
| 17:16 | Build | Farm |
| 17:30 | Build | Blacksmith |
| 18:00 | Build | Lumber Camp |
| 18:10 | Create | Villager (Male) |
| 18:47 | Build | Stable |
| 18:57 | Create | Villager (Male) |
| 19:32 | Research | Castle Age |
| 19:41 | Build | Mining Camp |
| 20:22 | Build | Market |
| 20:42 | Create | Villager (Male) |
| 20:42 | Create | Villager (Male) |
| 20:43 | Create | Villager (Male) |
| 21:44 | Research | Forging |
| 21:45 | Research | Scale Barding Armor |
| 22:12 | Age | Castle Age |
| 22:25 | Create | Knight |
| 22:25 | Create | Knight |
| 22:25 | Create | Knight |
| 22:25 | Create | Knight |
| 22:30 | Research | Husbandry |
| 22:50 | Create | Knight |
| 22:50 | Create | Knight |
| 22:51 | Create | Knight |
| 22:59 | Research | Husbandry |
| 23:19 | Build | Farm |
| 23:24 | Create | Villager (Male) |
| 23:24 | Research | Hand Cart |
| 23:35 | Build | Town Center |
| 23:45 | Create | Trade Cart |
| 23:45 | Create | Trade Cart |
| 24:39 | Create | Trade Cart |
| 24:50 | Create | Villager (Male) |
| 24:50 | Create | Villager (Male) |
| 24:58 | Research | Bow Saw |
| 25:03 | Research | Gold Mining |
| 25:07 | Research | Stone Mining |
| 26:02 | Research | Iron Casting |
| 26:08 | Create | Knight |
| 26:21 | Create | Villager (Male) |
| 26:21 | Create | Villager (Male) |
| 26:21 | Create | Villager (Male) |
| 26:33 | Create | Villager (Male) |
| 26:33 | Create | Villager (Male) |
| 26:45 | Build | Farm |
| 26:46 | Build | Farm |
| 26:50 | Build | Farm |
| 26:51 | Build | Farm |
| 27:27 | Build | Farm |
| 27:33 | Create | Knight |
| 27:36 | Create | Knight |
| 30:03 | Create | Villager (Male) |
| 30:03 | Create | Villager (Male) |
| 30:04 | Create | Villager (Male) |
| 30:16 | Research | Gold Shaft Mining |
| 30:58 | Create | Villager (Male) |
| 30:58 | Create | Villager (Male) |
| 30:58 | Create | Villager (Male) |
| 33:11 | Build | Castle |
| 33:56 | Research | Squires |
| 33:56 | Research | Arson |
| 34:00 | Research | Scale Mail Armor |
| 34:31 | Research | Caravan |
| 35:00 | Build | House |
| 35:01 | Build | House |
| 35:02 | Build | House |
| 35:04 | Build | House |
| 35:05 | Build | House |
| 35:05 | Build | House |
| 35:05 | Build | House |
| 35:06 | Build | House |
| 35:07 | Build | House |
| 35:11 | Build | House |
| 35:11 | Build | House |
| 35:20 | Research | Town Watch |
| 35:22 | Create | Villager (Male) |
| 35:23 | Create | Villager (Male) |
| 35:24 | Create | Villager (Male) |
| 36:07 | Research | Chain Mail Armor |
| 36:40 | Build | Mining Camp |
| 36:48 | Build | Mining Camp |
| 36:56 | Create | Villager (Male) |
| 36:57 | Create | Villager (Male) |
| 36:57 | Create | Villager (Male) |
Match timeline
| 0:20 | JumpingJuneBug · wall_segment Palisade Wall x15 |
| 0:45 | JumpingJuneBug · wall_segment Palisade Wall x8 |
| 1:19 | Aleko Bart · wall_segment Palisade Wall x10 |
| 1:21 | WarSong · wall_segment Palisade Wall x7 |
| 2:27 | DingleDwarf69 · wall_segment Palisade Wall x10 |
| 2:33 | JumpingJuneBug · wall_segment Palisade Wall x8 |
| 7:52 | Balaam · first_building Barracks |
| 12:07 | WarSong · age_up feudal |
| 12:57 | Balaam · age_up feudal |
| 13:09 | MilyWonka · first_building Barracks |
| 13:24 | JumpingJuneBug · age_up feudal |
| 13:52 | MilyWonka · age_up feudal |
| 14:22 | DingleDwarf69 · age_up feudal |
| 14:28 | Aleko Bart · first_building Barracks |
| 15:02 | MilyWonka · first_building Archery Range |
| 15:04 | DingleDwarf69 · first_building Barracks |
| 15:59 | Aleko Bart · wall_segment Palisade Wall x1 |
| 16:05 | WarSong · first_building Donjon |
| 18:47 | DingleDwarf69 · first_building Stable |
| 19:00 | WarSong · first_building Barracks |
| 19:11 | JumpingJuneBug · wall_segment Stone Wall x11 |
| 19:22 | JumpingJuneBug · age_up castle |
| 19:37 | JumpingJuneBug · first_market_buy 100 stone |
| 19:41 | JumpingJuneBug · first_market_sell 100 wood |
| 20:14 | JumpingJuneBug · first_building Castle |
| 20:28 | JumpingJuneBug · first_building Barracks |
| 21:35 | JumpingJuneBug · first_building Archery Range |
| 21:50 | MilyWonka · wall_segment Stone Wall x13 |
| 22:12 | DingleDwarf69 · age_up castle |
| 22:37 | DingleDwarf69 · first_market_sell 100 wood |
| 22:42 | MilyWonka · wall_segment Stone Wall x14 |
| 22:52 | Balaam · age_up castle |
| 23:08 | JumpingJuneBug · wall_segment Stone Wall x10 |
| 23:25 | JumpingJuneBug · wall_segment Stone Wall x12 |
| 25:43 | MilyWonka · first_building Stable |
| 27:14 | JumpingJuneBug · wall_segment Stone Wall x13 |
| 28:25 | MilyWonka · age_up castle |
| 29:19 | Aleko Bart · resign |
| 29:35 | MilyWonka · first_building Castle |
| 31:07 | WarSong · age_up castle |
| 33:00 | Balaam · first_building Castle |
| 33:11 | DingleDwarf69 · first_building Castle |
| 33:33 | MilyWonka · first_building Monastery |
| 33:48 | WarSong · first_market_buy 100 stone |
| 34:10 | WarSong · first_building Castle |
| 39:28 | MilyWonka · first_building Siege Workshop |
| 40:04 | Balaam · age_up imperial |
| 41:07 | Balaam · first_building Siege Workshop |
| 41:41 | JumpingJuneBug · first_building Stable |
| 42:21 | DingleDwarf69 · age_up imperial |
| 42:40 | MilyWonka · age_up imperial |
| 44:49 | WarSong · age_up imperial |
| 45:22 | JumpingJuneBug · age_up imperial |
| 46:27 | WarSong · wall_segment Stone Wall x7 |
| 47:36 | Balaam · wall_segment Stone Wall x14 |
| 51:47 | Balaam · wall_segment Stone Wall x14 |
| 53:55 | WarSong · wall_segment Stone Wall x13 |
| 60:22 | MilyWonka · wall_segment Stone Wall x9 |
| 61:17 | Balaam · tribute_sent a jugador 1 |
| 61:17 | Balaam · tribute_sent a jugador 3 |
| 61:17 | Balaam · tribute_sent a jugador 4 |
| 61:17 | Balaam · tribute_sent a jugador 5 |
| 61:17 | Balaam · tribute_sent a jugador 6 |
| 61:45 | MilyWonka · wall_segment Stone Wall x1 |
| 63:39 | WarSong · wall_segment Stone Wall x1 |
| 69:35 | WarSong · tribute_sent a jugador 1 |
| 69:35 | WarSong · tribute_sent a jugador 2 |
| 69:35 | WarSong · tribute_sent a jugador 3 |
| 69:35 | WarSong · tribute_sent a jugador 5 |
| 69:35 | WarSong · tribute_sent a jugador 6 |
[ AI ANALYSIS · 1 CREDIT ]
What really happened in this match?
Wolo.gg analyzes every decision: build order, eco, micro, common mistakes by bracket. Personalized analysis on WhatsApp or Discord in 30 seconds.
Civ guide
Sicilians
Perfil
Jugador #9845820